 Dungeon Crawl Stone Soup version 0.18-a0-1774-gce1f7b6 (webtiles) character file.

28 M4edhros the Grave Robber (level 3, -2/21 HPs)
             Began as an Octopode Necromancer on Apr 15, 2016.
             Slain by Robin
             ... wielding a +0 dagger
              (3 damage)
             ... on level 2 of the Dungeon.
             The game lasted 00:01:42 (340 turns).

M4edhros the Grave Robber (Octopode Necromancer)     Turns: 340, Time: 00:01:43

Health: -2/21      AC:  1    Str:  4 (7)  XL:     3   Next: 12%
Magic:  6/6        EV: 12    Int: 14 (17) God:
Gold:   70         SH:  0    Dex: 10 (13) Spells: 1 memorised, 5 levels left

rFire  . . .     SeeInvis .       - Unarmed
rCold  . . .     Gourm    .     (no shield)
rNeg   . . .     Faith    .     (helmet restricted)
rPois  .         Spirit   .     (no amulet)
rElec  .         Dismiss  .     (no ring)
rCorr  .         Reflect  .     (no ring)
SustAt .         Harm     .     (no ring)
MR     .....                    (no ring)
Stlth  +++.......               (no ring)
                                (no ring)
                                (no ring)
                                (no ring)

@: exhausted, slowed, very slow, not resistant to hostile enchantments, fairly
stealthy
A: almost no armour, amphibious, 8 rings, constrict 8, camouflage 1, gelatinous
body 1
a: no special abilities


You were on level 2 of the Dungeon.
You were not hungry.

You visited 1 branch of the dungeon, and saw 2 of its levels.

You collected 70 gold pieces.

Inventory:

Missiles
 g - 31 stones (quivered)
Scrolls
 e - a scroll of remove curse {unknown}
 h - a scroll of identify {unknown}
Books
 a - a book of Necromancy

   Spells                             Type                      Level
   a - Pain                           Necromancy                   1
   b - Animate Skeleton               Necromancy                   1
   c - Vampiric Draining              Necromancy                   3
   d - Regeneration                   Charms/Necromancy            3
   e - Animate Dead                   Necromancy                   4
   f - Control Undead                 Necromancy                   4
Comestibles
 b - a bread ration
 i - 2 chunks of flesh


   Skills:
 - Level 2.0 Dodging
 - Level 2.6 Stealth
 + Level 2.6 Unarmed Combat
 - Level 2.0 Spellcasting
 - Level 4.0 Necromancy


You had 5 spell levels left.
You knew the following spells:

 Your Spells              Type           Power        Failure   Level  Hunger
a - Pain                  Necr           ##..         4%          1    ##.....


Dungeon Overview and Level Annotations

Branches:
Dungeon (2/15)

Altars:

Annotations:
D:2 Robin


Innate Abilities, Weirdness & Mutations

You cannot wear most types of armour.
You are amphibious.
You can wear up to eight rings at the same time.
You can use your tentacles to constrict eight enemies at once.
Your skin changes colour to match your surroundings (Stealth).
Your rubbery body absorbs attacks (AC +1).


Message History

Unknown command.
You tentacle-slap the goblin.
You kill the goblin!
Robin barely misses you. Robin hits you with a dagger.
Unknown command.
You tentacle-slap Robin. You grab Robin. Your squeeze misses Robin.
Robin is moderately wounded.
You constrict Robin.
Robin says, "Bow before me, strongest of all the hobgoblins!"
Robin completely misses you.
Unknown command.
Unknown command.
You tentacle-slap the hobgoblin. You grab the hobgoblin.
The hobgoblin is moderately wounded.
You constrict Robin, but do no damage.
You constrict the hobgoblin, but do no damage.
The hobgoblin hits you with a club.
* * * LOW HITPOINT WARNING * * *
Robin hits you with a dagger.
You die...

##### #...# #...#
###########
#...###..........
#<........†..###
#...###.#.†@g..# #...#
#)##g#g# ######...#
#.##.#.#.# ........##
#.##.#.#.#
#######..###.#.##.#.#.##
.....................>#
...####..##.#.##.#.#g.#
. #.......#....#.#..#
#.##.####.#....#..#


You could see Robin, a hobgoblin and a goblin.

Vanquished Creatures
  An adder (D:2)
  A giant cockroach (D:2)
  7 goblins (D:2)
  3 hobgoblins (D:2)
  2 kobolds
  2 rats (D:2)
16 creatures vanquished.

Notes
Turn   | Place    | Note
--------------------------------------------------------------
     0 | D:1      | M4edhros the Octopode Necromancer began the quest for the Orb.
     0 | D:1      | Reached XP level 1. HP: 11/11 MP: 3/3
    64 | D:2      | Reached skill level 1 in Unarmed Combat
    64 | D:2      | Reached XP level 2. HP: 10/17 MP: 0/5
   270 | D:2      | Noticed Robin
   334 | D:2      | Reached XP level 3. HP: 10/21 MP: 6/6
   340 | D:2      | HP: 1/21 [hobgoblin/club (6)]
   340 | D:2      | Slain by Robin

Vault maps used:
D:1:      arrival_zaba_pyramid
D:2:      nicolae_tso_swordbearing_angel, uniq_robin

Skill      XL: |  1  2 |
---------------+-------+-----
Unarmed Combat | 1 2 |  2.6
Dodging        | |  2.0
Stealth        | |  2.6
Spellcasting   | |  2.0
Necromancy     | |  4.0

Action                   || total
-------------------------++-------
Melee: Unarmed           ||    28
       Constrict         ||     9
       Tentacles         ||     7
 Cast: Pain              ||    10
  Use: Potion            ||     3
 Stab: Sleeping          ||     2
Armor: Skin              ||     3
Dodge: Dodged            ||    21
